 Dungeon Crawl Stone Soup version 0.28-a0-957-g42eb19b844 (webtiles) character file.

Game seed: 17503594081272666220

71 browni3141 the Slasher (level 3, -1/30 HPs)
             Began as a Demigod Fighter on Dec 1, 2021.
             Succumbed to a kobold's poison
             ... on level 4 of the Dungeon.
             The game lasted 00:05:17 (1432 turns).

browni3141 the Slasher (Demigod Fighter)            Turns: 1432, Time: 00:05:18

Health: -1/30      AC:  7    Str: 21    XL:     3   Next: 79%
Magic:  5/5        EV:  9    Int: 10    God:
Gold:   69         SH:  0    Dex: 13    Spells: 2/2 levels left

rFire   . . .      SeeInvis .   a - +0 long sword
rCold   . . .      Faith    .   c - +0 buckler
rNeg    . . .      Spirit   .   g - +0 scale mail
rPois   .          Reflect  .   j - +0 helmet
rElec   .          Harm     .   (no cloak)
rCorr   .          Rampage  .   (no gloves)
Will    .....                   (no boots)
Stlth   ..........              (no amulet)
HPRegen 0.10/turn               (no ring)
MPRegen 0.09/turn               (no ring)

@: confused, brilliant, lethally poisoned (-1 -> -26)
A: high mp 1, forlorn
a: no special abilities


You were on level 4 of the Dungeon.
You visited 1 branch of the dungeon, and saw 5 of its levels.

You collected 69 gold pieces.

Inventory:

Hand Weapons
 a - a +0 long sword (weapon)
 b - a +0 hunting sling
 m - a +0 morningstar
Missiles
 f - 27 sling bullets
Armour
 c - a +0 buckler (worn)
 g - a +0 scale mail (worn)
 j - a +0 helmet (worn)
Potions
 e - a potion of flight


   Skills:
 - Level 2.6 Fighting
 * Level 4.0 Long Blades
 - Level 2.6 Armour
 - Level 2.6 Shields


You had 2 spell levels left.
You didn't know any spells.
Your spell library was empty.

Dungeon Overview and Level Annotations

Branches:
Dungeon (5/15)
 Temple: D:4-7


Innate Abilities, Weirdness & Mutations

Your attributes grow dramatically as you level up.
You have an increased reservoir of magic. (+10% MP)
You shall have no god before yourself.


Message History

Unknown command.
It was a potion of curing.
You feel better.
The kobold hits you with a +0 short sword of venom.
You are poisoned.
You block the adder's attack.
A magic dart appears from out of thin air!
The magic dart hits you.
Unknown command.
You feel better.
The kobold hits you with a +0 short sword of venom.
You are poisoned.
The ogre closely misses you. The adder bites you but does no damage.
A puff of flame appears from out of thin air!
The puff of flame hits something.
You hear some strange, mumbled words.
You are confused.
It was a potion of brilliance.
You feel clever all of a sudden.
You feel sick.
The kobold hits you with a +0 short sword of venom.
You are more poisoned.
The adder closely misses you. The ogre closely misses you.
A puff of flame appears from out of thin air!
The puff of flame hits something!
Reactivating autopickup.
You feel very sick. The adder bites you.
The kobold hits you but does no damage.
You are more poisoned.
The ogre misses you.
A puff of flame appears from out of thin air!
Deactivating autopickup; reactivate with Ctrl-A.
The puff of flame misses you. The adder bites you.
* * * LOW HITPOINT WARNING * * *
* * * LOW HITPOINT WARNING * * *
You feel very sick.
The orc wizard hits you but does no damage.
The ogre closely misses you. The kobold hits you but does no damage.
You are more poisoned.
Unknown command.
You die...

.: o# .###..#####.
o###...##.....##.
'...#.##.###.... #
##............... #.
...##.##.#####..
#.#######.##.##.##.....
#.|............O...##..
#..........#.##.#####..
#.....@o...#.##.# #...
#.....S.o..#.##.# #....
###.....KO...#.##.....###
.............#.##..##
##############.##.##
#.##.#


You could see an ogre, 2 orc wizards, an adder and a kobold.

Vanquished Creatures
  A hound (D:2)
  An adder (D:2)
  An orc (D:4)
  4 bats
  6 endoplasms
  3 giant cockroaches (D:1)
  2 goblins (D:1)
  A hobgoblin (D:4)
  A quokka (D:2)
  5 frilled lizards
  2 kobolds (D:1)
  3 rats
30 creatures vanquished.

Vanquished Creatures (others)
  An orc wizard (D:4)
1 creature vanquished.

Grand Total: 31 creatures vanquished

Notes
Turn   | Place    | Note
-------+----------+-------------------------------------------
     0 | D:1      | browni3141 the Demigod Fighter began the quest for the Orb.
     0 | D:1      | Reached XP level 1. HP: 18/18 MP: 3/3
    49 | D:1      | Reached skill level 2 in Long Blades
   159 | D:1      | Reached XP level 2. HP: 11/25 MP: 4/4
   671 | D:1      | Reached skill level 3 in Long Blades
   854 | D:2      | Reached XP level 3. HP: 6/30 MP: 5/5
  1205 | D:2      | You fall into a shaft and drop 2 floors!
  1248 | D:4      | Reached skill level 4 in Long Blades
  1367 | D:5      | Entered Level 5 of the Dungeon
  1404 | D:4      | Noticed an ogre
  1432 | D:4      | Succumbed to a kobold's poison

Illustrated notes

Levels and vault maps discovered:
D:1:      lemuel_arrival_behind_the_door_large, layout_rooms,
          shapermc_ecumenical_altar_flowoftime
D:2:      layout_basic, serial_aquarium, aquarium_bridge_square
          [aquarium_subvault_bridge, aquarium_subvault_window,
          aquarium_subvault_wall, aquarium_subvault_wall], aquarium_window_1,
          aquarium_window_fake, aquarium_view_2e, aquarium_view_2d,
          aquarium_pool_corner
D:3:      layout_loops_cross, minmay_misc_feat_plants,
          chequers_decorated_corner, minmay_misc_feat_pillars
D:4:      minmay_general_purpose_star, layout_rooms,
          cheibrodos_sewer_entry_bend, minmay_a_box_with_orc_wizards_in_it
D:5:      layout_gridville, uniq_blork_the_orc

Skill      XL: |  1  2  3 |
---------------+----------+-----
Long Blades    | 2 3 4 |  4.0
Fighting       | |  2.6
Armour         | |  2.6
Shields        | |  2.6

Action                   || total
-------------------------++-------
Melee: Long sword        ||    94
 Fire: Hunting sling     ||     5
  Use: Potion            ||     5
       Scroll            ||     3
Armor: Scale mail        ||    73
Dodge: Dodged            ||    81
Block: Buckler           ||    22

Table legend: (Time is in decaauts)
 A = Elapsed time spent in this place.
 B = Non-inter-level travel time spent in this place.
 C = Inter-level travel time spent in this place.
 D = Time resting spent in this place.
 E = Time spent auto-exploring this place.
 F = Levels seen in this place.
 G = Mean time per level.
                   A        B        C        D        E       F      G
               +--------+--------+--------+--------+--------+-----+--------+
         Total |   1455 |   1450 |      5 |      0 |    979 |   5 |  291.0 |
       Dungeon |   1455 |   1450 |      5 |      0 |    979 |   5 |  291.0 |
               +--------+--------+--------+--------+--------+-----+--------+

Top non-repeatable levels by time:
     D:1: 721 daAuts
     D:2: 500 daAuts
     D:4: 224 daAuts
     D:3: 6 daAuts
     D:5: 1 daAuts
